 Dungeon Crawl Stone Soup version 0.26-a0-504-g0cf6470 (webtiles) character file.

Game seed: 1973540641248691641

859 DrChives the Magician (level 7, -1/36 HPs)
             Began as a Deep Elf Conjurer on Aug 9, 2020.
             Was a Follower of Vehumet.
             Slain by a small abomination (20 damage)
             ... on level 1 of the Abyss.
             The game lasted 00:18:23 (3952 turns).

DrChives the Magician (Deep Elf Conjurer)           Turns: 3952, Time: 00:18:24

Health: -1/36      AC:  2    Str:  4    XL:     7   Next: 71%
Magic:  9/20       EV: 13    Int: 31    God:    Vehumet [*.....]
Gold:   98         SH:  0    Dex: 13    Spells: 11/21 levels left

rFire    . . .     SeeInvis .   l - +0 whip
rCold    . . .     Faith    .   (no shield)
rNeg     . . .     Spirit   .   a - +0 robe
rPois    .         Reflect  .   (no helmet)
rElec    .         Harm     .   (no cloak)
rCorr    .                      (no gloves)
MR       .....                  (no boots)
Stlth    ++........             j - amulet of regeneration
HPRegen  0.52/turn              b - ring of flight
MPRegen  0.17/turn              n - +6 ring of intelligence

@: no status effects
A: no striking features
a: Renounce Religion, Evoke Flight


You were on level 1 of the Abyss.
You worshipped Vehumet.
Vehumet was aware of your devotion.
You visited 1 branch of the dungeon, and saw 5 of its levels.
You visited the Abyss 1 time.

You collected 98 gold pieces.

Inventory:

Hand Weapons
 l - a +0 whip (weapon)
Armour
 a - a +0 robe (worn)
Jewellery
 b - a ring of flight (left hand)
 j - an amulet of regeneration (around neck)
 n - a +6 ring of intelligence (right hand)
 p - an uncursed ring of positive energy
 r - an uncursed ring of fire
Wands
 t - a wand of polymorph (9)
Scrolls
 d - 3 scrolls of random uselessness {unknown}
 e - 2 scrolls of immolation {unknown}
 f - 2 scrolls of blinking {unknown}
 h - a scroll of teleportation {unknown}
 q - a scroll of magic mapping {unknown}
Potions
 c - a potion of ambrosia
 g - a potion of invisibility
 i - 3 potions of haste
 k - a potion of resistance
 m - a potion of heal wounds {unknown}
 o - a potion of curing {unknown}
 s - a potion of berserk rage {unknown}


   Skills:
 + Level 1.0 Maces & Flails
 - Level 2.4 Dodging
 - Level 2.4 Stealth
 + Level 7.9 Spellcasting
 - Level 7.5 Conjurations
 * Level 4.1 Hexes


You had 11 spell levels left.
You knew the following spells:

 Your Spells              Type           Power        Failure   Level
a - Magic Dart            Conj           ####         1%          1
b - Searing Ray           Conj           ######       1%          2
c - Dazzling Flash        Conj/Hex       #####.       1%          3
d - Fulminant Prism       Conj/Hex       #####.....   3%          4

Your spell library contained the following spells:

 Spells                   Type           Power        Failure   Level
 Shock                    Conj/Air       ####         1%          1
 Iskenderun's Mystic Bla  Conj/Tloc      #####...     9%          4


Dungeon Overview and Level Annotations

Branches:
Dungeon (5/15)
 Temple: D:4-7

Altars:
Makhleb
Vehumet

Annotations:
D:4 Duvessa, Menkaure


Message History

You start resting.
A small abomination comes into view.
A ynoxinul comes into view.
Casting: Searing Ray (safe; 1% risk of failure)
Confirm with . or Enter, or press ? or * to list all spells.
Aiming: Searing Ray (safe; 1% risk of failure)
Press: ? - help, Shift-Dir - straight line, f - small abomination
Aim: a small abomination The searing ray hits the small abomination.
The small abomination is lightly damaged. (Press . to maintain the ray.)
The small abomination hits you!
The searing ray hits the small abomination!
The small abomination is heavily damaged.
The small abomination misses you.
The searing ray hits the small abomination!
The small abomination is almost destroyed.
The small abomination hits you!!
Ouch! That really hurt!
You die...

### #.. #.#
#.# #
#@###.##
#x.....# ..
#..##..#
3##..##..#
..#... ..#
#.#.#..###.#
# #. .#..#
#.##.# #..#
.........#


You could see a small abomination.

Vanquished Creatures
  A chaos spawn (Abyss:1)
  A black bear (D:4)
  An ogre (D:4)
  Dowan (D:4)
  An orc priest (D:4)
  An iguana (D:4)
  An iron imp (Abyss:1)
  3 orc wizards (D:4)
  Ijyb (D:4)
  Natasha (thrice) (D:3)
  A worker ant (D:4)
  8 gnolls
  2 adders
  2 oozes (D:2)
  An adder skeleton (D:4)
  4 worms
  4 dart slugs
  4 leopard geckos
  8 orcs
  6 bats
  4 giant cockroaches
  7 goblins
  4 hobgoblins
  7 jackals
  7 kobolds
  2 quokkas
  4 frilled lizards
  8 rats
97 creatures vanquished.

Notes
Turn   | Place    | Note
-------+----------+-------------------------------------------
     0 | D:1      | DrChives the Deep Elf Conjurer began the quest for the Orb.
     0 | D:1      | Reached XP level 1. HP: 10/10 MP: 6/6
   114 | D:1      | Reached XP level 2. HP: 14/15 MP: 1/8
   233 | D:1      | Reached skill level 5 in Conjurations
   932 | D:2      | Reached XP level 3. HP: 19/19 MP: 5/9
   947 | D:2      | Learned a level 2 spell: Searing Ray
   951 | D:2      | Learned a level 3 spell: Dazzling Flash
  1075 | D:2      | Reached XP level 4. HP: 21/24 MP: 3/10
  2083 | D:2      | Found a radiant altar of Vehumet.
  2084 | D:2      | Found a burning altar of Makhleb.
  2585 | D:3      | Reached XP level 5. HP: 28/28 MP: 8/12
  2635 | D:3      | Learned a level 4 spell: Fulminant Prism
  2845 | D:3      | Noticed Natasha
  2855 | D:3      | Killed Natasha
  2939 | D:3      | Noticed Natasha
  2946 | D:3      | Killed Natasha
  3027 | D:2      | Became a worshipper of Vehumet
  3051 | D:3      | Noticed Natasha
  3059 | D:3      | Killed Natasha
  3180 | D:4      | Noticed an ogre
  3188 | D:4      | Killed an ogre
  3188 | D:4      | Reached XP level 6. HP: 32/32 MP: 5/15
  3292 | D:4      | Reached skill level 5 in Spellcasting
  3434 | D:4      | Noticed Menkaure
  3562 | D:4      | Noticed Ijyb
  3572 | D:4      | Killed Ijyb
  3572 | D:4      | Reached skill level 1 in Hexes
  3686 | D:4      | Reached XP level 7. HP: 36/36 MP: 12/18
  3701 | D:4      | Noticed Dowan
  3718 | D:5      | Entered Level 5 of the Dungeon
  3814 | D:4      | Reached * piety under Vehumet
  3814 | D:4      | Offered knowledge of Shock by Vehumet.
  3826 | D:4      | Noticed Duvessa
  3833 | D:4      | Killed Dowan
  3840 | D:4      | Cast into level 1 of the Abyss (Duvessa)
  3884 | Abyss:1  | Noticed a large abomination
  3892 | Abyss:1  | Noticed a flying skull
  3902 | Abyss:1  | Noticed a flying skull
  3908 | Abyss:1  | Noticed a chaos spawn
  3916 | Abyss:1  | Killed a chaos spawn
  3916 | Abyss:1  | Reached skill level 1 in Maces & Flails
  3922 | Abyss:1  | Noticed a small abomination
  3940 | Abyss:1  | Noticed a ynoxinul
  3952 | Abyss:1  | Slain by a small abomination

Illustrated notes

Levels and vault maps discovered:
D:1:      lightli_arrival_lavapool, layout_loops_ring
D:2:      layout_loops_ring, nicolae_overflow_hidden_temple
D:3:      layout_basic, uniq_natasha
D:4:      layout_rooms, hangedman_decor_slide_cut, st_stairs_8, uniq_duvessa,
          uniq_edmund, uniq_menkaure, uniq_ijyb, uniq_crazy_yiuf_cottage
D:5:      layout_basic, gammafunk_ghost_arena,
          nicolae_dithmenos_through_a_glass_darkly, uniq_prince_ribbit1
Abyss:1:  base: D:2, evilmike_abyss_exit_15

Skill      XL: |  1  2  3  4  5  6  7 |
---------------+----------------------+-----
Conjurations   | 5 6 7 |  7.5
Spellcasting   | 4 6 7 |  7.9
Hexes          | 2 4 |  4.1
Maces & Flails | 1 |  1.0
Dodging        | |  2.4
Stealth        | |  2.4

Action                   |  1- 3 |  4- 6 |  7- 9 || total
-------------------------+-------+-------+-------++-------
Melee: Unarmed           |     4 |     6 |       ||    10
       Whip              |       |    11 |       ||    11
 Cast: Magic Dart        |    50 |    26 |       ||    76
       Searing Ray       |     1 |    40 |    13 ||    54
  Use: Scroll            |       |     5 |       ||     5
Armor: Robe              |     7 |     7 |     1 ||    15
Dodge: Dodged            |    37 |    32 |     7 ||    76

Table legend: (Time is in decaauts)
 A = Elapsed time spent in this place.
 B = Non-inter-level travel time spent in this place.
 C = Inter-level travel time spent in this place.
 D = Time resting spent in this place.
 E = Time spent auto-exploring this place.
 F = Levels seen in this place.
 G = Mean time per level.
                   A        B        C        D        E       F      G
               +--------+--------+--------+--------+--------+-----+--------+
         Total |   3958 |   3593 |    365 |   1098 |     13 |   6 |  659.7 |
       Dungeon |   3845 |   3480 |    365 |   1049 |     13 |   5 |  769.0 |
         Abyss |    113 |    113 |      0 |     49 |      0 |   1 |  113.0 |
               +--------+--------+--------+--------+--------+-----+--------+

Top non-repeatable levels by time:
     D:2: 1297 daAuts
     D:3: 959 daAuts
     D:1: 922 daAuts
     D:4: 606 daAuts
 Abyss:1: 113 daAuts
     D:5: 60 daAuts
